 Dungeon Crawl Stone Soup version 0.22-a0-240-g539252a (webtiles) character file.

108129 sankara the Spry (level 16, -2/125 HPs)
             Began as a Merfolk Skald on Feb 19, 2018.
             Was an Elder of Ashenzari.
             Slain by a meliai
             ... wielding a +0 hand axe
              (10 damage)
             ... on level 15 of the Dungeon on Feb 21, 2018.
             The game lasted 05:06:47 (48261 turns).

sankara the Spry (Merfolk Skald)                   Turns: 48261, Time: 05:06:48

Health: -2/125     AC:  7    Str: 13    XL:     16   Next: 48%
Magic:  24/29      EV: 27    Int: 16    God:    Ashenzari [****..]
Gold:   1305       SH: 15    Dex: 22    Spells: 23/34 levels left

rFire    . . .     SeeInvis +   a - +9 trident (freeze)
rCold    + . .     Gourm    .   N - +0 shield (curse)
rNeg     . . .     Faith    .   z - +0 leather armour of Infinity {rPois Slay+3 Stlth+} (curse)
rPois    +         Spirit   .   J - +1 hat (curse)
rElec    .         Reflect  +   (no cloak)
rCorr    .         Harm     .   b - +1 pair of gloves (curse)
MR       +++..     Clarity  +   V - +0 pair of boots (curse)
Stlth    +++++++...             k - +2 amulet of reflection
HPRegen  0.30/turn              r - ring of the Gastropod {rPois rC+ MR++ Dex+4}
MPRegen  0.21/turn              n - +3 ring of dexterity

@: infused (expiring), singing
A: change form in water, swift swim, stealthy swim, MP-powered wands
a: Curse Item, Scrying, Renounce Religion


You were on level 15 of the Dungeon.
You worshipped Ashenzari.
Ashenzari was greatly pleased with you.
You were not hungry.

You visited 4 branches of the dungeon, and saw 24 of its levels.
You also visited: Ossuary.

You collected 2452 gold pieces.
You spent 1147 gold pieces at shops.

Inventory:

Hand Weapons
 a - a +9 trident of freezing (weapon)
   (You took it off an orc on level 9 of the Dungeon)
Missiles
 e - 8 curare-tipped needles
 u - 5 poisoned tomahawks
 K - 25 tomahawks
 O - a throwing net {=f, !d}
 R - 4 exploding tomahawks
 X - 3 steel javelins
 Y - 5 javelins (quivered)
Armour
 b - a cursed +1 pair of gloves (worn)
   (You found it on level 3 of the Lair of Beasts)
 z - the cursed +0 leather armour of Infinity (worn) {rPois Slay+3 Stlth+}
   (You bought it in a shop on level 2 of the Orcish Mines)

   It affects your accuracy and damage with ranged weapons and melee attacks
   (+3).
   It protects you from poison.
   It makes you more stealthy.
   It has a curse placed upon it.
 J - a cursed +1 hat (worn)
   (You found it on level 7 of the Dungeon)
 N - a cursed +0 shield (worn)
   (You found it on level 10 of the Dungeon)
 Q - a cursed +0 helmet
   (You found it on level 8 of the Dungeon)
 V - a cursed +0 pair of boots (worn)
   (You found it on level 2 of the Lair of Beasts)
Jewellery
 g - an uncursed ring of protection from cold {rC+, !d}
   (You found it on level 14 of the Dungeon)
 j - an uncursed ring of protection from cold {rC+, !d}
   (You found it on level 1 of the Dungeon)
 k - a +2 amulet of reflection (around neck)
   (You bought it in a shop on level 5 of the Dungeon)
 n - a +3 ring of dexterity (right hand)
   (You found it on level 2 of the Dungeon)
 r - the ring of the Gastropod (left hand) {rPois rC+ MR++ Dex+4}
   (You bought it in a shop on level 2 of the Orcish Mines)

   [ring of poison resistance]

   It affects your dexterity (+4).
   It protects you from cold.
   It protects you from poison.
   It affects your resistance to hostile enchantments.
 A - an uncursed amulet of faith {Faith, !P}
   (You found it on level 9 of the Dungeon)
 W - an uncursed ring of flight {+Fly, !d}
   (You found it on level 3 of the Lair of Beasts)
Wands
 f - a wand of acid (6)
   (You found it on level 14 of the Dungeon)
 p - a wand of digging (21)
   (You found it on level 9 of the Dungeon)
 q - a wand of flame (13)
   (You found it on level 8 of the Dungeon)
 v - a wand of clouds (3)
   (You took it off Urug on level 4 of the Lair of Beasts)
 w - a wand of enslavement (38)
   (You found it on level 9 of the Dungeon)
 x - a wand of disintegration (13)
   (You found it on level 8 of the Dungeon)
 F - a wand of paralysis (45)
   (You found it on level 5 of the Dungeon)
Scrolls
 i - 2 scrolls of blinking {!r}
 l - 18 scrolls of identify
 m - a scroll of enchant weapon
 y - 4 scrolls of enchant armour
 B - 3 scrolls of teleportation
 C - 2 scrolls of magic mapping {!r}
 D - a scroll of silence
 E - 2 scrolls of fog
 H - 4 scrolls of amnesia
 L - 2 scrolls of fear
 M - a scroll of remove curse
Potions
 c - a potion of might
 d - 9 potions of curing
 h - 2 potions of cancellation
 s - a potion of lignification {!q}
 t - 5 potions of agility
 G - 3 potions of ambrosia
 P - a potion of brilliance
 S - a potion of flight
Comestibles
 o - a chunk of flesh {@w0}
 I - 31 rations


   Skills:
 + Level 11.1 Fighting
 + Level 11.6 Polearms
 + Level 3.7 Throwing
 - Level 3.0 Armour
 + Level 15.1(17.0) Dodging
 - Level 12.2(14.2) Stealth
 - Level 11.6(13.6) Shields
 - Level 9.6 Spellcasting
 + Level 4.9 Hexes
 + Level 10.9 Charms
 + Level 5.7 Necromancy
 - Level 3.0 Translocations
 + Level 3.6 Evocations


You had 23 spell levels left.
You knew the following spells:

 Your Spells              Type           Power        Failure   Level  Hunger
a - Infusion              Chrm           ####         1%          1    None
b - Song of Slaying       Chrm           #####...     1%          2    None
c - Shroud of Golubria    Chrm/Tloc      ####......   1%          2    None
d - Regeneration          Chrm/Necr      ####......   1%          3    None
e - Spectral Weapon       Hex/Chrm       ####....     1%          3    None


Dungeon Overview and Level Annotations

Branches:
Dungeon (15/15)            Temple (1/1) D:6            Lair (6/6) D:11
 Shoals (0/4) Lair:2       Spider (0/4) Lair:4        Slime (0/5) Lair:5
    Orc (2/2) D:10            Elf (0/3) Orc:2        Vaults (0/5) D:13
 Depths: D:15

Altars:
Ashenzari
Cheibriados
Dithmenos
Elyvilon
Fedhas
Gozag
Hepliaklqana
Kikubaaqudgha
Makhleb
Nemelex Xobeh
Okawaru
Qazlal
Ru
Sif Muna
Trog
Uskayaw
Vehumet
Wu Jian
Xom
Yredelemnul
Zin
The Shining One
Beogh
Jiyva

Shops:
D:5 }[(==   D:13 *   Orc:2 [(=*

Annotations:
D:5 exclusion: statue, jazmu's ghost, novice FoMo
D:15 Azrael
Lair:2 exclusion: 3 oklob plants


Innate Abilities, Weirdness & Mutations

You revert to your normal form in water.
You are very nimble and swift while swimming.
You are very stealthy in the water. (Stealth+)
You expend magic power (3 MP) to strengthen your wands.


Message History

Your song has ended.
You open the door.
There is an open door here.
There is an open door here.
Key pressed, stopping explore.
An orc comes into view. It is wielding a flail.
An orc is nearby!
You puncture the orc! You freeze the orc.
You kill the orc!
No target in view!
No target in view!
You now have 1305 gold pieces (gained 10).
Things that are here:
an uncursed flail; a +0 leather armour There isn't anything to butcher here.
l - 18 scrolls of identify (gained 1)
You sense a monster nearby.
Okay, then.
Casting: Song of Slaying (safe; 1% risk of failure)
Confirm with . or Enter, or press ? or * to list all spells.
Space distorts slightly along a thin shroud covering your body.
Casting: Shroud of Golubria (safe; 1% risk of failure)
Confirm with . or Enter, or press ? or * to list all spells.
You begin infusing your attacks with magical energy.
You open the door.
There is an open door here.
M - a scroll of remove curse
There is an open door here.
A meliai comes into view. It is wielding a hand axe.
Casting: Infusion (safe; 1% risk of failure)
Confirm with . or Enter, or press ? or * to list all spells.
You draw out your weapon's spirit!
Casting: Spectral Weapon (safe; 1% risk of failure)
Confirm with . or Enter, or press ? or * to list all spells.
You start singing a song of slaying.
You hear an angry buzzing noise.
You hear an angry buzzing noise.
A meliai comes into view. It is wielding a hand axe.
You impale the meliai!! You freeze the meliai.
The meliai is almost dead.
Your spectral weapon closely misses the meliai.
The meliai completely misses you. The meliai misses you.
A fire elemental comes into view.
You hit the meliai! You freeze the meliai.
You kill the meliai!
Your shroud begins to fray at the edges.
You hear a bark!
A meliai comes into view. It is wielding a hand axe.
A hell hound comes into view.
The hell hound barks!
You hear a bark! x2
The meliai mumbles some strange prayers to its god against you.
Something smites you!
You hear a shout!
A fire elemental and Azrael come into view.
Ashenzari warns you: Azrael is wielding a scimitar of flaming.
Attack whom?
Press: ? - help, Dir - move target cursor, f - meliai
Aim: a meliai, wielding a hand axe and wearing a robe You reach to attack!
You puncture the meliai! You freeze the meliai.
The meliai is severely wounded.
The meliai calls down the wrath of its god upon you.
Something smites you!
The meliai calls down the wrath of its god upon you.
Something smites you!
You hear a bark!
You are too injured to fight recklessly!
You are too injured to fight recklessly!
You are too injured to fight recklessly!
Unknown command.
The meliai mumbles some strange prayers to its god against you.
Something smites you!
The meliai hits your spectral weapon but does no damage.
The meliai stings your spectral weapon.
Your spectral weapon shares its damage with you!
The meliai hits your spectral weapon with a hand axe!
Your spectral weapon shares its damage with you!
The meliai stings your spectral weapon!
Your spectral weapon shares its damage with you!
Your spectral weapon fades away.
The meliai calls down the wrath of its god upon you.
Something smites you!
The meliai calls down the wrath of its god upon you.
Something smites you!
* * * LOW HITPOINT WARNING * * *
You hear a bark!
A hell hound comes into view.
Your shroud unravels.
You block the meliai's attack.
The meliai stings you but does no damage.
The meliai mumbles some strange prayers to its god against you.
Something smites you!
* * * LOW HITPOINT WARNING * * *
You barely miss the meliai.
The meliai is severely wounded.
Your magical infusion is running out.
You block the meliai's attack. The meliai completely misses you.
You block the meliai's attack. x2; The meliai hits you with a hand axe!
* * * LOW HITPOINT WARNING * * *
The meliai stings you!
You die...

, *#.....§§.#,, , * ,* *
*{*#.....§..#,, , ,* *#....§R..#,
, , *,, { #######..§.§...# ,
...#,, ####......)..§.E..#, ,,,
*#..# ,.............§...##
,,,,#..# , .#####'#....§Eh.# ,
#..# , #.....#.....yy.+ , #..#
#.....#......@.#∆ , , #..# , ,
,#.....#........##########).# { ,
,#.....#.....(..............###
,###.....##......................
#........#......................
,#........#......................
##########.................#####
,,,,........................# *
###.....................#


You could see Azrael, 2 fire elementals, a hell hound and 2 meliai.

Vanquished Creatures
  An orc warlord (Orc:1)
  A stone giant (Orc:2)
  3 ghouls (D:14)
  2 entropy weavers
  Josephine (Lair:5)
  6 hydras
  2 centaur warriors
  Erica (D:8)
  A queen ant (D:12)
  A tengu warrior (D:14)
  7 two-headed ogres
  Urug (Lair:4)
  6 orc high priests
  Sonja (D:14)
  A sixfirhy (D:12)
  A deep elf archer (D:13)
  5 orc knights
  10 ugly things
  A wolf spider (Lair:4)
  2 orc sorcerers
  A wolf spider zombie (D:14)
  6 deep elf magi
  4 cyclopes
  An oklob plant (Lair:2)
  A manticore (D:12)
  5 centaur zombies (D:14)
  8 elephants
  4 black mambas
  Joseph (D:7)
  A torpor snail (Lair:6)
  5 yaktaurs (D:13)
  2 kobold demonologists
  25 spiny frogs
  3 rime drakes
  A redback zombie (D:13)
  A guardian mummy (D:14)
  A tengu conjurer (D:14)
  11 komodo dragons
  A jumping spider (Lair:4)
  5 tyrant leeches (Lair:6)
  7 meliai
  A queen bee (D:13)
  4 polar bears
  8 trolls
  8 hippogriffs
  A hippogriff (shapeshifter) (D:14)
  9 slime creatures
  18 blink frogs
  A meliai zombie (D:14)
  A snapping turtle (Lair:2)
  Sigmund (D:2)
  A vampire (D:13)
  2 redbacks (Lair:4)
  3 wyverns
  62 yaks
  9 wraiths
  3 hungry ghosts
  4 basilisks
  A steam dragon (D:11)
  20 vampire mosquitoes
  Grum (D:11)
  Edmund (D:4)
  Menkaure (D:7)
  2 wargs
  16 soldier ants (D:12)
  An acid dragon (D:13)
  15 water moccasins
  10 porcupines
  Duvessa (D:4)
  5 sky beasts
  4 phantoms
  38 orc warriors
  A hornet zombie (D:14)
  4 black bears
  2 eyes of draining
  4 ice beasts
  6 ogres
  17 wolves
  3 boggarts (D:14)
  15 centaurs
  2 big kobolds
  15 crocodiles
  25 bullfrogs
  2 wyvern zombies
  A gnoll sergeant (D:10)
  Dowan (D:4)
  6 scorpions
  2 wyvern skeletons
  36 killer bees
  3 wights (D:13)
  3 howler monkeys
  3 electric eels
  10 crimson imps
  3 bullfrog zombies
  2 jellies
  4 hounds
  4 centaur skeletons
  20 orc priests
  26 orc wizards
  A bullfrog skeleton (D:10)
  Natasha (thrice) (D:4)
  2 iguanas
  7 hell rats
  25 worker ants
  A killer bee zombie (D:10)
  A hound zombie (D:6)
  5 hound skeletons
  4 mummies
  12 gnolls
  13 adders
  3 worker ant zombies
  5 shadow imps
  2 oozes
  An adder zombie (D:5)
  3 dart slugs
  3 worms
  4 leopard geckos
  77 orcs
  6 bats
  6 giant cockroaches
  10 goblins
  9 hobgoblins
  12 jackals
  7 quokkas
  A ball python (D:8)
  3 frilled lizards
  7 gnoll skeletons (Ossuary)
  A jackal skeleton (D:4)
  15 kobolds
  4 kobold skeletons (Ossuary)
  14 orc skeletons (Ossuary)
  A rat (D:2)
  A spectral orc (D:6)
  4 fungi
  4 plants
897 creatures vanquished.

Vanquished Creatures (collateral kills)
  A blink frog (Lair:6)
  4 yaks (Lair:6)
5 creatures vanquished.

Vanquished Creatures (others)
  An orc (D:9)
  A bush (Lair:6)
  39 fungi
  60 plants
  57 spectral weapons
  A withered plant (D:14)
159 creatures vanquished.

Grand Total: 1061 creatures vanquished

Notes
Turn   | Place    | Note
-------+----------+-------------------------------------------
     0 | D:1      | sankara the Merfolk Skald began the quest for the Orb.
     0 | D:1      | Reached XP level 1. HP: 16/16 MP: 3/3
   139 | D:1      | Reached XP level 2. HP: 22/22 MP: 5/5
   239 | D:1      | Reached skill level 4 in Polearms
   319 | D:1      | Reached XP level 3. HP: 27/27 MP: 6/6
   326 | D:1      | Learned a level 2 spell: Song of Slaying
   329 | D:1      | Learned a level 2 spell: Shroud of Golubria
  1416 | D:2      | Found a shadowy altar of Dithmenos.
  1440 | D:2      | HP: 6/27 [poisoned by an adder]
  1750 | D:2      | Reached XP level 4. HP: 26/33 MP: 0/7
  1920 | D:2      | Learned a level 3 spell: Regeneration
  1952 | D:2      | Reached skill level 5 in Polearms
  1989 | D:2      | Noticed Sigmund
  2005 | D:2      | Killed Sigmund
  2005 | D:2      | Reached skill level 6 in Polearms
  2005 | D:2      | Reached skill level 3 in Spellcasting
  2005 | D:2      | Reached skill level 4 in Charms
  2005 | D:2      | Reached skill level 1 in Necromancy
  2005 | D:2      | Reached skill level 1 in Translocations
  2005 | D:2      | Reached XP level 5. HP: 30/38 MP: 0/9
  2005 | D:2      | Reached XP level 6. HP: 35/44 MP: 0/10
  3382 | D:3      | Learned a level 3 spell: Spectral Weapon
  4072 | D:4      | Reached skill level 7 in Polearms
  4216 | D:4      | Found a sand-covered staircase.
  4221 | Ossuary  | Entered an ossuary
  4221 | Ossuary  | Noticed a wraith
  4221 | Ossuary  | Noticed a wraith
  4221 | Ossuary  | Noticed a wraith
  4251 | Ossuary  | Reached XP level 7. HP: 49/50 MP: 0/12
  4431 | Ossuary  | Noticed a wraith
  4463 | Ossuary  | HP: 8/50 [wraith (10)]
  4465 | Ossuary  | Killed a wraith
  4465 | Ossuary  | Reached skill level 5 in Charms
  4888 | D:4      | Reached skill level 8 in Polearms
  5043 | D:4      | Noticed Edmund
  5102 | D:4      | Killed Edmund
  5102 | D:4      | Reached skill level 3 in Dodging
  5189 | D:4      | Noticed Natasha
  5219 | D:4      | Killed Natasha
  5219 | D:4      | Reached skill level 1 in Stealth
  5219 | D:4      | Reached skill level 4 in Spellcasting
  5448 | D:4      | Noticed Natasha
  5455 | D:4      | Killed Natasha
  5561 | D:4      | Noticed Duvessa
  5561 | D:4      | Noticed Dowan
  5588 | D:4      | Killed Duvessa
  5588 | D:4      | Reached skill level 1 in Hexes
  5588 | D:4      | Reached XP level 8. HP: 18/57 MP: 3/14
  5598 | D:4      | Killed Dowan
  5867 | D:4      | Noticed Natasha
  5874 | D:4      | Killed Natasha
  6019 | D:5      | Entered Level 5 of the Dungeon
  6019 | D:5      | Found Caytham's Jewellery Boutique.
  6065 | D:5      | Found Mesi's Antique Weapon Shoppe.
  6394 | D:5      | Reached skill level 3 in Fighting
  6527 | D:5      | Found Vyecaik's Antique Armour Emporium.
  6603 | D:5      | Reached skill level 2 in Stealth
  6629 | D:5      | Found Iqofoana's Gadget Shop.
  6665 | D:5      | Reached skill level 9 in Polearms
  6665 | D:5      | Reached skill level 2 in Necromancy
  6665 | D:5      | Reached skill level 2 in Translocations
  6759 | D:5      | Found a radiant altar of Vehumet.
  6978 | D:5      | Found a shimmering altar of Xom.
  7060 | D:5      | Reached skill level 4 in Dodging
  7107 | D:5      | Found Ukuc's Jewellery Boutique.
  7125 | D:5      | HP: 7/58 [centaur/arrow (9)]
  7126 | D:5      | HP: 2/58 [centaur/arrow (5)]
  7512 | D:5      | Noticed jazmu's ghost (novice FoMo)
  8213 | D:6      | Reached XP level 9. HP: 63/64 MP: 4/15
  8290 | D:6      | Found a stormy altar of Qazlal.
  8452 | D:6      | Reached skill level 3 in Stealth
  8452 | D:6      | Reached skill level 6 in Charms
  8548 | D:6      | Reached skill level 2 in Hexes
  8701 | D:6      | Noticed a two-headed ogre
  8828 | D:6      | Killed a two-headed ogre
  8828 | D:6      | Reached skill level 4 in Fighting
  8828 | D:6      | Reached skill level 10 in Polearms
  8828 | D:6      | Reached skill level 5 in Dodging
  8836 | D:6      | HP: 15/65 [sky beast (6)]
  8844 | D:6      | HP: 14/65 [adder (2)]
  9298 | D:6      | Reached skill level 5 in Spellcasting
  9309 | D:6      | Reached skill level 3 in Necromancy
  9455 | D:6      | Found a staircase to the Ecumenical Temple.
  9467 | Temple   | Entered the Ecumenical Temple
  9564 | Temple   | Became a worshipper of Ashenzari the Shackled
  9657 | D:6      | Reached skill level 4 in Stealth
  9774 | D:6      | Reached skill level 3 in Hexes
  9921 | D:6      | Found a blossoming altar of Fedhas.
 10051 | D:6      | Found a basalt altar of Yredelemnul.
 10098 | D:7      | Noticed Menkaure
 10107 | D:7      | HP: 14/66 [centaur/shortbow (4)]
 10691 | D:7      | Killed Menkaure
 10691 | D:7      | Reached skill level 11 in Polearms
 10691 | D:7      | Reached XP level 10. HP: 73/73 MP: 6/17
 10783 | D:7      | Noticed Joseph
 10829 | D:7      | Killed Joseph
 10829 | D:7      | Reached skill level 6 in Dodging
 10829 | D:7      | Reached skill level 7 in Charms
 11049 | D:7      | Reached skill level 5 in Fighting
 11630 | D:8      | HP: 15/74 [phantom (6)]
 11957 | D:8      | Noticed Erica
 11968 | D:8      | HP: 2/74 [something/orb of energy (20)]
 11992 | D:8      | HP: 8/74 [ogre/giant club (3)]
 12393 | D:8      | Killed Erica
 12393 | D:8      | Reached skill level 7 in Dodging
 12393 | D:8      | Reached skill level 8 in Charms
 12686 | D:8      | Reached skill level 6 in Spellcasting
 12882 | D:8      | Found a white marble altar of Elyvilon.
 13117 | D:8      | Reached skill level 1 in Armour
 13224 | D:8      | Found a snail-covered altar of Cheibriados.
 13466 | D:9      | Reached skill level 6 in Fighting
 13999 | D:9      | Reached XP level 11. HP: 79/81 MP: 12/20
 14112 | D:9      | Found a shimmering altar of Xom.
 14143 | D:9      | Reached skill level 9 in Charms
 14264 | D:9      | Noticed a centaur warrior
 14266 | D:9      | HP: 16/81 [centaur warrior/arrow (7)]
 14426 | D:9      | Killed a centaur warrior
 14426 | D:9      | Reached skill level 5 in Stealth
 14562 | D:9      | Reached * piety under Ashenzari
 14833 | D:9      | Reached skill level 2 in Armour
 15071 | D:10     | Entered Level 10 of the Dungeon
 15118 | D:10     | Found a staircase to the Orcish Mines.
 15136 | D:10     | Reached skill level 8 in Dodging
 15881 | D:10     | Found a roughly hewn altar of Beogh.
 16556 | D:10     | Upgraded the game from 0.22-a0-224-g8cf3520 to 0.22-a0-231-g1b571ea
 16860 | D:11     | Reached skill level 10 in Charms
 16866 | D:11     | Noticed a cyclops
 16870 | D:11     | Noticed Grum
 16891 | D:11     | Reached skill level 7 in Fighting
 17255 | D:11     | Found a staircase to the Lair.
 17423 | D:11     | Reached skill level 7 in Spellcasting
 17554 | D:11     | Noticed a cyan ugly thing
 17563 | D:11     | Killed a cyan ugly thing
 17808 | D:11     | Noticed a two-headed ogre
 17819 | D:11     | Killed a two-headed ogre
 17819 | D:11     | Reached skill level 3 in Armour
 17819 | D:11     | Reached skill level 9 in Dodging
 17912 | D:11     | Identified the amulet of Oradyub {Inacc rElec rPois Int+2}
 18139 | D:11     | Killed Grum
 18171 | D:11     | Reached ** piety under Ashenzari
 18172 | D:11     | Identified the +2 chain mail "Omox" {rElec rN+ Int-2 Stlth+}
 18197 | D:11     | Reached skill level 4 in Hexes
 18271 | D:11     | Noticed a two-headed ogre
 18281 | D:11     | Killed a two-headed ogre
 18281 | D:11     | Reached XP level 12. HP: 70/92 MP: 8/22
 18492 | Lair:1   | Entered Level 1 of the Lair of Beasts
 18519 | Lair:1   | Reached skill level 4 in Necromancy
 18907 | Lair:1   | Reached skill level 6 in Stealth
 19054 | Lair:1   | Reached skill level 8 in Fighting
 19451 | Lair:1   | Reached skill level 10 in Dodging
 19610 | Lair:1   | HP: 23/93 [yak (7)]
 19618 | Lair:1   | HP: 17/93 [yak (1)]
 19636 | Lair:1   | HP: 21/93 [water moccasin (1)]
 19645 | Lair:1   | HP: 22/93 [water moccasin (1)]
 19664 | Lair:1   | HP: 21/93 [water moccasin (5)]
 19669 | D:11     | HP: 23/93 [water moccasin (8)]
 20575 | Lair:2   | Reached *** piety under Ashenzari
 21018 | Lair:2   | Found a staircase to the Shoals.
 21052 | Lair:2   | Reached skill level 7 in Stealth
 21455 | Lair:2   | Reached skill level 5 in Necromancy
 21900 | Lair:2   | HP: 22/94 [hippogriff (10)]
 21901 | Lair:2   | HP: 4/94 [spiny frog (7)]
 21906 | Lair:2   | HP: 14/94 [hippogriff (3)]
 21911 | Lair:2   | HP: 10/94 [poisoned by a spiny frog]
 21916 | Lair:2   | HP: 9/94 [poisoned by a spiny frog]
 21919 | Lair:2   | HP: 4/94 [hippogriff (1)]
 21924 | Lair:2   | HP: 11/94 [hippogriff (6)]
 21933 | Lair:2   | HP: 15/94 [hippogriff (2)]
 21944 | Lair:2   | HP: 20/94 [poisoned by a spiny frog]
 21954 | Lair:2   | HP: 20/94 [poisoned by a spiny frog]
 21966 | Lair:2   | HP: 20/94 [poisoned by a spiny frog]
 22418 | Lair:2   | HP: 17/94 [oklob plant/splash of acid (10)]
 22418 | Lair:2   | HP: 7/94 [acid (10)]
 22597 | Lair:2   | HP: 19/94 [oklob plant/splash of acid (12)]
 22597 | Lair:2   | HP: 7/94 [acid (12)]
 22786 | Lair:3   | Reached skill level 9 in Fighting
 23271 | Lair:3   | Reached skill level 11 in Dodging
 23386 | Lair:3   | Reached skill level 8 in Stealth
 23632 | Lair:3   | Reached **** piety under Ashenzari
 24262 | Lair:3   | Reached XP level 13. HP: 81/103 MP: 11/23
 24715 | Lair:4   | Found a shadowy altar of Dithmenos.
 24763 | Lair:4   | Reached skill level 10 in Fighting
 24902 | Lair:4   | Reached skill level 1 in Shields
 25034 | Lair:4   | Reached skill level 2 in Shields
 25116 | Lair:4   | HP: 25/103 [poisoned by a redback]
 25121 | Lair:4   | HP: 14/103 [poisoned by a redback]
 25125 | Lair:4   | HP: 1/103 [jumping spider (6)]
 25140 | Lair:4   | HP: 21/103 [jumping spider (1)]
 25145 | Lair:4   | HP: 13/103 [jumping spider (1)]
 25463 | Lair:4   | Reached skill level 3 in Shields
 25517 | Lair:4   | Reached skill level 4 in Shields
 25561 | Lair:4   | Noticed Urug
 25884 | Lair:4   | Reached skill level 5 in Shields
 26587 | Lair:4   | HP: 7/103 [Urug/scimitar of protection (24)]
 26593 | Lair:4   | HP: 15/103 [Urug/scimitar of protection (20)]
 26602 | Lair:4   | Killed Urug
 26602 | Lair:4   | Reached skill level 6 in Shields
 27332 | Lair:4   | Found a hole to the Spider Nest.
 27685 | Lair:5   | Noticed Josephine
 27713 | Lair:5   | Killed Josephine
 27713 | Lair:5   | Reached skill level 7 in Shields
 27755 | Lair:4   | HP: 25/103 [wraith[Josephine] (3)]
 27757 | Lair:4   | HP: 11/103 [wraith[Josephine] (2)]
 27766 | Lair:4   | HP: 15/154 [wraith[Josephine] (7)]
 27771 | Lair:4   | HP: 31/154 [wraith[Josephine] (2)]
 28043 | Lair:4   | Upgraded the game from 0.22-a0-231-g1b571ea to 0.22-a0-240-g539252a
 28248 | Lair:4   | Reached skill level 8 in Shields
 28408 | Lair:5   | HP: 25/103 [komodo dragon (17)]
 28854 | Lair:5   | Found a viscous altar of Jiyva.
 28855 | Lair:5   | Found a staircase to the Slime Pits.
 29108 | Lair:5   | Identified the +7 morningstar "Usmut" {holy, rElec MP-9 Int+4 SInv}
 29439 | Lair:6   | Entered Level 6 of the Lair of Beasts
 29568 | Lair:6   | Reached skill level 9 in Shields
 30140 | Lair:6   | Reached skill level 12 in Dodging
 30162 | Lair:6   | Reached XP level 14. HP: 110/110 MP: 1/24
 30580 | Lair:6   | Reached skill level 10 in Shields
 31220 | Lair:5   | Reached skill level 9 in Stealth
 31906 | Lair:6   | Reached skill level 8 in Spellcasting
 32482 | Lair:6   | Reached skill level 13 in Dodging
 32746 | Lair:6   | Reached ***** piety under Ashenzari
 33181 | Lair:6   | Reached skill level 10 in Stealth
 34893 | D:12     | Noticed an entropy weaver
 35622 | Lair:2   | HP: 21/110 [oklob plant/splash of acid (14)]
 35622 | Lair:2   | HP: 5/110 [acid (16)]
 35656 | Lair:2   | HP: 26/110 [oklob plant/splash of acid (7)]
 35752 | Lair:2   | HP: 24/110 [acid (13)]
 36356 | D:12     | Found a runed door.
 36683 | D:12     | Reached skill level 11 in Shields
 36789 | D:12     | Reached skill level 9 in Spellcasting
 36794 | D:12     | Reached XP level 15. HP: 94/115 MP: 8/28
 37028 | D:12     | HP: 25/115 [something (5)]
 37034 | D:12     | HP: 27/115 [poisoned by a worker ant]
 37345 | D:11     | HP: 24/115 [entropy weaver (10)]
 38016 | D:12     | HP: 28/115 [slime creature (14)]
 38034 | D:12     | HP: 23/115 [slime creature (4)]
 38989 | D:12     | Reached skill level 14 in Dodging
 38989 | D:12     | Reached skill level 11 in Stealth
 39254 | Orc:1    | Entered Level 1 of the Orcish Mines
 39307 | Orc:1    | HP: 16/115 [red devil/trident[an orc sorcerer] (17)]
 39310 | D:10     | HP: 4/115 [orc high priest/nerve-wracking pain (5)]
 39311 | D:10     | HP: 1/115 [sixfirhy[an orc high priest] (12)]
 39917 | Orc:2    | Entered Level 2 of the Orcish Mines
 39919 | Orc:2    | Noticed an orc warlord
 40144 | Orc:1    | Killed an orc warlord
 40608 | Orc:1    | Gained mutation: You expend magic power (3 MP) to strengthen your wands. [a neqoxec]
 40728 | Orc:2    | Found Xocsal's Antique Weapon Boutique.
 41439 | Orc:2    | Found Xofal's General Store.
 41561 | Orc:2    | Found Vineqeil's Jewellery Shop.
 41569 | Orc:2    | Bought the ring of the Gastropod {rPois rC+ MR++ Dex+4} for 660 gold pieces
 41625 | Orc:2    | Found Ynoerchej's Antique Armour Shoppe.
 41638 | Orc:2    | HP: 27/115 [orc warrior/trident (32)]
 41646 | Orc:2    | HP: 25/115 [sixfirhy[an orc sorcerer] (3)]
 42354 | Orc:2    | Bought a steaming leather armour for 182 gold pieces
 42354 | Orc:2    | Identified the cursed +0 leather armour of Infinity {rPois Slay+3 Stlth+} (You bought it in a shop on level 2 of the Orcish Mines)
 42549 | Orc:2    | Found a roughly hewn altar of Beogh.
 42652 | Orc:2    | Found a staircase to the Elven Halls.
 43564 | D:13     | Reached skill level 1 in Evocations
 43750 | D:13     | Reached skill level 1 in Throwing
 44714 | Orc:2    | Bought a glowing scarf for 208 gold pieces
 45165 | D:13     | Found a gate to the Vaults.
 45183 | D:13     | Reached skill level 2 in Throwing
 45183 | D:13     | Reached skill level 2 in Evocations
 45690 | D:5      | Bought a +2 amulet of reflection for 97 gold pieces
 46209 | D:13     | Found Mose's General Store.
 46389 | D:13     | Reached skill level 12 in Stealth
 46443 | D:13     | Reached XP level 16. HP: 123/124 MP: 10/29
 46874 | D:14     | Reached skill level 3 in Throwing
 46993 | D:14     | Reached skill level 3 in Evocations
 47029 | D:14     | Reached skill level 15 in Dodging
 47199 | D:14     | Reached skill level 11 in Fighting
 47501 | D:14     | Reached skill level 3 in Translocations
 47704 | D:14     | Noticed Sonja
 47725 | D:14     | Killed Sonja
 48055 | D:15     | Entered Level 15 of the Dungeon
 48255 | D:15     | Noticed Azrael
 48257 | D:15     | HP: 31/125 [meliai/divine providence (11)]
 48261 | D:15     | HP: 8/125 [meliai/hand axe (9)]
 48261 | D:15     | Slain by a meliai

Vault maps used:
D:1:      matt_arrival_grand_opening, minmay_misc_feat_chi
D:2:      grunt_dithmenos_smoke_and_mirrors, minmay_randomly_rotated_circles,
          uniq_sigmund
D:4:      nicolae_ossuary_entry_plus, first_ration, palyth_stone_intersect,
          bh_walls_and_bars, uniq_duvessa, uniq_edmund, uniq_natasha
D:5:      vehumet_statue, serial_shops, nicolae_shop_statue_plus,
          nicolae_shop_temple_entry_statues_fountains, shop, shop, shop,
          grunt_decor_arrowhead, serial_park_tiny_2, xom_teletrap_fun
D:6:      grunt_qazlal_sundering, yredelemnul_forgotten_temple_becter,
          minmay_temple_entry_trees, amethyst_killhole, fedhas_altar_4
D:7:      grunt_ogre_cave, uniq_menkaure, uniq_joseph
D:8:      lemuel_doored_altar, basic_altar, uniq_erica
D:9:      old_standard_altar, stair_cage_line
D:10:     minmay_orc_entry_temple_large
D:11:     lair_entry_dummy, uniq_grum
D:12:     cheibrodos_shockbox, zaba_antful_of_joy
D:13:     hangedman_vaults_entry_quadrant_bands, special_room, serial_shops,
          nicolae_shop_crystal
D:14:     serial_undead, serial_undead_e, serial_undead_f, serial_undead_c,
          serial_undead_e, serial_undead_a, serial_undead_e, serial_undead_c,
          serial_undead_c, kennysheep_decorative_pillar, uniq_sonja
D:15:     hangedman_depths_entry_try_elsewhere_first, uniq_azrael
Temple:   compressed_dpeg_circular_temple
Lair:1:   beast_lair_carwin_9, serial_bayou_shore_b, grunt_megastairs_2
Lair:2:   minmay_shoals_entry_hut, minmay_lair_oklob_chamber
Lair:3:   gammafunk_lair_bear_cave
Lair:4:   spider_nest_entry_funnel_web, basic_altar, serial_bayou_lagoon_a,
          uniq_urug
Lair:5:   slime_altar_1, uniq_josephine
Lair:6:   minmay_lair_end_frog_pond, minivault_19
Orc:2:    grunt_orc_gardens, grunt_orc_garden, grunt_orc_garden,
          grunt_orc_garden, grunt_orc_garden, basic_altar
Ossuary:  ossuary_due_mausoleum

Skill      XL: |  1  2  3  4  5  6  7  8  9 10 11 12 13 14 15 16 |
---------------+-------------------------------------------------+-----
Polearms       | 4 6 7 8 9 11 | 11.6
Spellcasting   | 3 4 5 6 7 9 |  9.6
Charms         | 4 5 6 8 10 | 10.9
Necromancy     | 1 2 3 5 |  5.7
Translocations | 1 2 3 |  3.0
Dodging        | 3 4 5 7 9 11 12 13 14 15 | 15.1
Stealth        | 1 2 4 5 8 10 12 | 12.2
Hexes          | 1 3 4 |  4.9
Fighting       | 3 4 6 7 9 10 11 | 11.1
Armour         | 1 3 |  3.0
Shields        | 9 11 | 11.6
Evocations     | 2 3 |  3.6
Throwing       | 2 3 |  3.7

Action                   |  1- 3 |  4- 6 |  7- 9 | 10-12 | 13-15 | 16-18 || total
-------------------------+-------+-------+-------+-------+-------+-------++-------
Melee: Spear             |   134 |   197 |   450 |  1028 |  2978 |       ||  4787
       Trident           |       |       |       |   132 |    69 |   292 ||   493
       Tailslap          |       |       |       |       |    22 |       ||    22
 Fire: Hunting sling     |       |     8 |     6 |       |       |       ||    14
Throw: Tomahawk          |       |       |     2 |       |     9 |       ||    11
       Javelin           |       |       |       |       |     1 |       ||     1
 Cast: Infusion          |     6 |    15 |    44 |    89 |   147 |    11 ||   312
       Shroud of Golubri |     3 |    12 |    49 |    93 |   168 |    13 ||   338
       Song of Slaying   |     2 |     4 |    12 |    50 |    49 |    14 ||   131
       Spectral Weapon   |       |     1 |    32 |    86 |   157 |    13 ||   289
       Regeneration      |       |       |     9 |    51 |   147 |    10 ||   217
Invok: Curse Item        |       |       |     1 |     4 |     2 |       ||     7
Evoke: Wand              |       |       |       |    34 |    42 |       ||    76
  Use: Scroll            |     3 |     4 |       |    13 |    15 |       ||    35
       Potion            |     2 |       |     2 |     8 |    12 |       ||    24
 Stab: Sleeping          |       |     1 |     5 |     9 |     9 |       ||    24
       Distracted        |       |       |     1 |    21 |    65 |     1 ||    88
       Confused          |       |       |       |       |    10 |       ||    10
  Eat: Chunk             |     3 |     9 |    19 |    35 |    61 |     7 ||   134
       Ration            |       |       |     3 |     7 |     7 |       ||    17
Armor: Leather armour    |    27 |    22 |    33 |    84 |   150 |    16 ||   332
       Skin              |       |       |       |       |    23 |       ||    23
Dodge: Dodged            |    60 |    92 |   189 |   566 |  1389 |   154 ||  2450
Block: Shield            |       |       |       |       |  1267 |   174 ||  1441
       Reflection        |       |       |       |       |       |    11 ||    11

Table legend:
 A = Spawn XP
 B = Non-spawn XP
 C = Spawn XP percentage of total XP
 D = Spawn monster count
 E = Non-spawn monster count
 F = Spawn count percentage of total count
 G = Total turns spent on level
                    A         B        C        D         E        F      G
               +---------+---------+-------+---------+---------+-------+---------
         Total |       0 |  154471 |   0.0 |       0 |     894 |   0.0 | 48261
               +---------+---------+-------+---------+---------+-------+---------
           D:1 |       0 |      46 |   0.0 |       0 |      13 |   0.0 |  1136
           D:2 |       0 |     340 |   0.0 |       0 |      33 |   0.0 |  1610
           D:3 |       0 |      79 |   0.0 |       0 |      19 |   0.0 |  1162
           D:4 |       0 |     886 |   0.0 |       0 |      18 |   0.0 |  1889
           D:5 |       0 |     635 |   0.0 |       0 |      20 |   0.0 |  2023
           D:6 |       0 |    2248 |   0.0 |       0 |      33 |   0.0 |  1819
           D:7 |       0 |    1314 |   0.0 |       0 |      20 |   0.0 |  1385
           D:8 |       0 |    2298 |   0.0 |       0 |      26 |   0.0 |  1702
           D:9 |       0 |    3106 |   0.0 |       0 |      32 |   0.0 |  2155
          D:10 |       0 |    5189 |   0.0 |       0 |      69 |   0.0 |  2990
          D:11 |       0 |    6713 |   0.0 |       0 |      33 |   0.0 |  2795
          D:12 |       0 |   15956 |   0.0 |       0 |      80 |   0.0 |  3487
          D:13 |       0 |   19741 |   0.0 |       0 |      99 |   0.0 |  2578
          D:14 |       0 |   19864 |   0.0 |       0 |      57 |   0.0 |  1209
          D:15 |       0 |    1978 |   0.0 |       0 |      15 |   0.0 |   206
        Lair:1 |       0 |    6341 |   0.0 |       0 |      31 |   0.0 |  2015
        Lair:2 |       0 |    2927 |   0.0 |       0 |      16 |   0.0 |  2751
        Lair:3 |       0 |    5306 |   0.0 |       0 |      21 |   0.0 |  2361
        Lair:4 |       0 |    9303 |   0.0 |       0 |      31 |   0.0 |  3297
        Lair:5 |       0 |    8350 |   0.0 |       0 |      32 |   0.0 |  2150
        Lair:6 |       0 |   26123 |   0.0 |       0 |     101 |   0.0 |  3437
         Orc:1 |       0 |    8228 |   0.0 |       0 |      40 |   0.0 |  1893
         Orc:2 |       0 |    7254 |   0.0 |       0 |      28 |   0.0 |  1498
       Ossuary |       0 |     246 |   0.0 |       0 |      27 |   0.0 |   584
               +---------+---------+-------+---------+---------+-------+---------

Vault maps used:
D:1:      matt_arrival_grand_opening, minmay_misc_feat_chi
D:2:      grunt_dithmenos_smoke_and_mirrors, minmay_randomly_rotated_circles,
          uniq_sigmund
D:4:      nicolae_ossuary_entry_plus, first_ration, palyth_stone_intersect,
          bh_walls_and_bars, uniq_duvessa, uniq_edmund, uniq_natasha
D:5:      vehumet_statue, serial_shops, nicolae_shop_statue_plus,
          nicolae_shop_temple_entry_statues_fountains, shop, shop, shop,
          grunt_decor_arrowhead, serial_park_tiny_2, xom_teletrap_fun
D:6:      grunt_qazlal_sundering, yredelemnul_forgotten_temple_becter,
          minmay_temple_entry_trees, amethyst_killhole, fedhas_altar_4
D:7:      grunt_ogre_cave, uniq_menkaure, uniq_joseph
D:8:      lemuel_doored_altar, basic_altar, uniq_erica
D:9:      old_standard_altar, stair_cage_line
D:10:     minmay_orc_entry_temple_large
D:11:     lair_entry_dummy, uniq_grum
D:12:     cheibrodos_shockbox, zaba_antful_of_joy
D:13:     hangedman_vaults_entry_quadrant_bands, special_room, serial_shops,
          nicolae_shop_crystal
D:14:     serial_undead, serial_undead_e, serial_undead_f, serial_undead_c,
          serial_undead_e, serial_undead_a, serial_undead_e, serial_undead_c,
          serial_undead_c, kennysheep_decorative_pillar, uniq_sonja
D:15:     hangedman_depths_entry_try_elsewhere_first, uniq_azrael
Temple:   compressed_dpeg_circular_temple
Lair:1:   beast_lair_carwin_9, serial_bayou_shore_b, grunt_megastairs_2
Lair:2:   minmay_shoals_entry_hut, minmay_lair_oklob_chamber
Lair:3:   gammafunk_lair_bear_cave
Lair:4:   spider_nest_entry_funnel_web, basic_altar, serial_bayou_lagoon_a,
          uniq_urug
Lair:5:   slime_altar_1, uniq_josephine
Lair:6:   minmay_lair_end_frog_pond, minivault_19
Orc:2:    grunt_orc_gardens, grunt_orc_garden, grunt_orc_garden,
          grunt_orc_garden, grunt_orc_garden, basic_altar
Ossuary:  ossuary_due_mausoleum

Table legend:
 A = Turns spent in this place as a percentage of turns spent in the entire game.
 B = Non-inter-level travel turns spent in this place as a percentage of non-inter-level travel turns spent in the entire game.
 C = Inter-level travel turns spent in this place as a percentage of turns spent in this place.
 D = Turns resting spent in this place as a percentage of non-inter-level travel turns spent in this place.
 E = Turns spent auto-exploring this place as a percentage of non-inter-level travel turns spent in this place.
 F = Non-inter-level travel turns spent in this place divided by the number of levels of this place that you've seen.
                   A       B       C       D       E      F
               +-------+-------+-------+-------+-------+----------------------
         Total | 100.0 | 100.0 |   4.9 |  45.2 |  27.1 | 1836.4
       Dungeon |  58.3 |  58.3 |   4.8 |  44.1 |  29.7 | 1785.6
        Temple |   0.3 |   0.2 |  31.0 |   0.0 |  95.5 |  89.0
          Lair |  33.2 |  33.2 |   4.9 |  47.8 |  22.8 | 2537.8
  Orcish Mines |   7.0 |   7.0 |   4.8 |  40.9 |  26.5 | 1613.5
       Ossuary |   1.2 |   1.3 |   0.0 |  59.8 |  13.0 | 584.0
               +-------+-------+-------+-------+-------+----------------------

Table legend:
 A = Kills in this place as a percentage of kills in entire the game.
 B = Kills by you in this place as a percentage of kills by you in the entire game.
 C = Kills by friends in this place as a percentage of kills by friends in the entire game.
 D = Other kills in this place as a percentage of other kills in the entire game.
 E = Experience gained in this place as a percentage of experience gained in the entire game.
 F = Experience gained in this place divided by the number of levels of this place that you have seen.
                   A       B       C       D       E      F
               +-------+-------+-------+-------+-------+----------------------
         Total | 100.0 | 100.0 | 100.0 |   N/A | 100.0 | 6178.8
       Dungeon |  63.4 |  63.8 |   0.0 |   N/A |  52.0 | 5359.5
          Lair |  26.0 |  25.5 | 100.0 |   N/A |  37.8 | 9725.0
  Orcish Mines |   7.6 |   7.6 |   0.0 |   N/A |  10.0 | 7741.0
       Ossuary |   3.0 |   3.0 |   0.0 |   N/A |   0.2 | 246.0
               +-------+-------+-------+-------+-------+----------------------
